Map: World of Sleepers LE

Players

Djorn - Winner!

  • Race: Protoss Protoss
  • Spawn Location: 1:00

VOD

Have the link to the VOD?

Description

Time

  • Played on: Aug. 20, 2019, 7:43 p.m.
  • Length: 12:42
Show
View Real Time Build Order
Export as new Build Order

Djorn Protoss - Winner!

Build Orders:  

Get SALT Encoding   

  12  0:07  Probe (Chrono Boost)  
  13  0:26  Probe (Chrono Boost)  
  14  0:38  Pylon  
  14  0:44  Probe (Chrono Boost)  
  15  1:05  Probe (Chrono Boost)  
  16  1:12  Gateway  
  16  1:19  Probe (Chrono Boost)  
  16  1:25  Assimilator  
  17  1:31  Probe (Chrono Boost)  
  18  1:44  Probe (Chrono Boost)  
  20  2:01  Probe (Chrono Boost)  
  20  2:18  Probe (Chrono Boost)  
  21  2:27  Cybernetics Core  
  21  2:35  Probe (Chrono Boost)  
  22  3:07  Probe (Chrono Boost)  
  23  3:21  Pylon  
  23  3:26  Nexus  
  23  3:49  Probe (Chrono Boost)  
  26  4:00  Shield Battery  
  26  4:30  Unknown  
  26  4:33  Assimilator  
  28  4:42  Warp Gate  
  28  5:00  Unknown  
  28  5:18  Unknown  
  28  5:19  Unknown  
  30  5:53  Probe (Chrono Boost)  
  30  5:58  Probe (Chrono Boost)  
  32  6:01  Unknown, Sentry  
  35  6:10  Probe (Chrono Boost)  
  35  6:15  Probe (Chrono Boost)  
  36  6:23  Pylon  
  36  6:27  Probe (Chrono Boost)  
  37  6:40  Robotics Facility  
  37  6:44  Probe (Chrono Boost)  
  38  6:53  Twilight Council  
  39  7:01  Probe (Chrono Boost)  
  39  7:12  Gateway  
  39  7:14  Gateway  
  39  7:17  Gateway  
  39  7:18  Gateway  
  39  7:21  Gateway  
  39  7:24  Unknown x3  
  39  7:45  Unknown  
  37  7:54  Unknown x2  
  37  8:18  Unknown x2  
  35  8:38  Zealot x2  
  35  8:39  Zealot x3  
  45  8:45  Warp Prism  
  47  9:05  Adept  
  47  9:06  Adept  
  47  9:07  Adept  
  53  9:19  Pylon  
  53  9:21  Pylon  
  53  9:25  Pylon  
  53  9:34  Immortal  
  53  10:12  Charge  
  53  10:29  Immortal  
  57  10:30  Pylon  
  57  10:32  Pylon  
  57  12:27  Zealot x4  
  57  12:28  Zealot x2  
Tags
 
Add a new tag
Caveats
  • Supply blocks, unpowered buildings, or Contaminate may cause inaccurate times.
  • Supply counts are checked every 10 seconds.